 Dungeon Crawl Stone Soup version 0.20-a0-1122-gb7cbeb9 (webtiles) character file.

23 AlphabetPasta the Magician (level 2, 0/17 HPs)
             Began as a Deep Elf Warper on May 12, 2017.
             Slain by an adder (1 damage)
             ... on level 2 of the Dungeon.
             The game lasted 00:03:41 (928 turns).

AlphabetPasta the Magician (Deep Elf Warper)         Turns: 928, Time: 00:03:42

Health: 0/17       AC:  4    Str:  8    XL:     2   Next: 75%
Magic:  7/8        EV: 12    Int: 17    God:
Gold:   41         SH:  0    Dex: 14    Spells: 3/7 levels left

rFire    . . .     SeeInvis .   a - +0 short sword
rCold    . . .     Gourm    .   (no shield)
rNeg     . . .     Faith    .   b - +1 leather armour
rPois    .         Spirit   .   (no helmet)
rElec    .         Reflect  .   (no cloak)
rCorr    .         Harm     .   (no gloves)
MR       .....                  (no boots)
Stlth    +.........             (no amulet)
Regen    0.1/turn               (no ring)
MPRegen  0.2/turn               (no ring)

@: lethally poisoned (0 -> -9), hasted, very quick
A: no striking features
a: no special abilities


You were on level 2 of the Dungeon.
You were not hungry.

You visited 1 branch of the dungeon, and saw 2 of its levels.

You collected 41 gold pieces.

Inventory:

Hand Weapons
 a - a +0 short sword (weapon)
Missiles
 e - 5 tomahawks of dispersal (quivered)
 p - 4 tomahawks
 q - 20 arrows
Armour
 b - a +1 leather armour (worn)
Jewellery
 h - a +3 ring of protection {unknown}
 m - an uncursed ring of protection from cold {unknown}
Scrolls
 d - a scroll of blinking
Books
 c - a book of Spatial Translocations

   Spells                             Type                      Level
   a - Blink                          Translocation                2
   b - Shroud of Golubria             Charms/Translocation         2
   c - Lesser Beckoning               Translocation                3
   d - Gell's Gravitas                Translocation                3
   e - Teleport Other                 Translocation                3
   f - Passage of Golubria            Translocation                4
Comestibles
 f - a bread ration
 i - a chunk of flesh
 j - 2 meat rations


   Skills:
 * Level 1.9 Fighting
 + Level 2.2 Short Blades
 - Level 1.0 Throwing
 + Level 1.3 Armour
 + Level 2.6 Dodging
 + Level 3.3 Spellcasting
 - Level 3.2 Translocations


You had 3 spell levels left.
You knew the following spells:

 Your Spells              Type           Power        Failure   Level  Hunger
a - Blink                 Tloc           N/A          10%         2    ##.....
b - Shroud of Golubria    Chrm/Tloc      #.........   19%         2    ##.....


Dungeon Overview and Level Annotations

Branches:
Dungeon (2/15)

Altars:


Message History

The adder bites you.
* * * LOW HITPOINT WARNING * * *
You are more poisoned.
The adder poisons you! The adder closely misses you.
You barely miss the adder.
The adder is heavily wounded.
* * * LOW HITPOINT WARNING * * *
You feel sick. The adder bites you but does no damage.
You closely miss the adder.
The adder is heavily wounded.
* * * LOW HITPOINT WARNING * * *
You feel sick. The adder misses you.
It was a potion of haste.
You feel yourself speed up.
* * * LOW HITPOINT WARNING * * *
You feel sick. The adder barely misses you. x2
You hit the adder.
The adder is severely wounded.
* * * LOW HITPOINT WARNING * * *
You feel sick. The adder bites you.
You die...

#.# #.# .
#.# $. #.#
... #.#
.... #.#
..?.. ##.#
......#<.##
......S@..+
#######..##
.......
####..###
.... .#..##
#.#..# .
#..#


You could see an adder.

Vanquished Creatures
  A dart slug (D:1)
  2 leopard geckos (D:1)
  4 goblins (D:1)
  3 hobgoblins (D:1)
  3 bats (D:1)
  A frilled lizard (D:1)
  2 kobolds (D:1)
  2 rats (D:1)
18 creatures vanquished.

Notes
Turn   | Place    | Note
-------+----------+-------------------------------------------
     0 | D:1      | AlphabetPasta the Deep Elf Warper began the quest for the Orb.
     0 | D:1      | Reached XP level 1. HP: 12/12 MP: 6/6
   273 | D:1      | Reached skill level 1 in Armour
   437 | D:1      | Reached XP level 2. HP: 14/17 MP: 8/8
   441 | D:1      | Learned a level 2 spell: Blink
   444 | D:1      | Learned a level 2 spell: Shroud of Golubria
   928 | D:2      | Slain by an adder

Vault maps used:
D:1:      lightli_arrival_statuegarden, minmay_distorted
D:2:      chequers_temple_overflow_statue_of_worship, first_bread,
          hex_intersection

Skill      XL: |  1 |
---------------+----+-----
Armour         | 1 |  1.3
Fighting       | |  1.9
Short Blades   | |  2.2
Throwing       | |  1.0
Dodging        | |  2.6
Spellcasting   | |  3.3
Translocations | |  3.2

Action                   || total
-------------------------++-------
Melee: Short sword       ||    82
 Cast: Shroud of Golubri ||     3
       Blink             ||     1
  Use: Scroll            ||     6
       Potion            ||     1
Armor: Leather armour    ||    22
Dodge: Dodged            ||    53
